 Dungeon Crawl Stone Soup version 0.23-b1 (webtiles) character file.

Game seed: 15103120260377002621

49873 Bitard the Severer (level 14, -6/129 HPs)
             Began as a Minotaur Berserker on Jan 30, 2019.
             Was a High Priest of Trog.
             Killed from afar by a shock serpent (shapeshifter) (33 damage)
             ... with a bolt of electricity
             ... on level 15 of the Dungeon on Jan 31, 2019.
             The game lasted 01:41:58 (15014 turns).

Bitard the Severer (Minotaur Berserker)            Turns: 15014, Time: 01:41:59

Health: -6/129     AC: 19    Str: 23    XL:     14   Next: 17%
Magic:  13/13      EV: 11    Int:  4    God:    Trog [*****.]
Gold:   1275       SH: 19    Dex: 14    Spells: 13/13 levels left

rFire    . . .     SeeInvis .   v - +5 hand axe
rCold    . . .     Gourm    .   Q - +0 large shield
rNeg     + . .     Faith    .   H - +0 plate armour
rPois    .         Spirit   .   (helmet restricted)
rElec    .         Reflect  .   (no cloak)
rCorr    .         Harm     .   b - +0 pair of gloves
MR       ++...                  B - +0 pair of boots {Stlth+}
Stlth    ..........             (no amulet)
HPRegen  0.31/turn              w - ring of positive energy
MPRegen  0.13/turn              e - ring of protection from magic

@: no status effects
A: retaliatory headbutt, horns 2
a: Berserk, Trog's Hand, Brothers in Arms, Renounce Religion


You were on level 15 of the Dungeon.
You worshipped Trog.
Trog was extremely pleased with you.
You were not hungry.

You visited 4 branches of the dungeon, and saw 18 of its levels.

You collected 1331 gold pieces.
You spent 56 gold pieces at shops.

Inventory:

Hand Weapons
 v - a +5 hand axe (weapon)
 I - a +2 vampiric hand axe
Missiles
 M - 3 steel javelins (quivered)
Armour
 b - a +0 pair of gloves (worn)
 B - a +0 pair of boots of stealth (worn)
 H - a +0 plate armour (worn)
 Q - a +0 large shield (worn)
Jewellery
 e - a ring of protection from magic (right hand)
 w - a ring of positive energy (left hand)
 L - an uncursed ring of ice
Wands
 d - a wand of iceblast (8)
 t - a wand of scattershot (15)
 x - a wand of acid (6)
 y - a wand of flame (7)
 z - a wand of digging (6)
 A - a wand of disintegration (13)
 G - a wand of paralysis (16)
 K - a wand of random effects (26)
Scrolls
 i - 2 scrolls of blinking {unknown}
 j - a scroll of fear {unknown}
 k - 2 scrolls of remove curse
 l - 9 scrolls of teleportation
 m - 3 scrolls of enchant weapon
 n - 13 scrolls of identify
 r - a scroll of vulnerability {unknown}
 s - 5 scrolls of amnesia {unknown}
 D - a scroll of immolation {unknown}
 F - a scroll of noise {unknown}
 J - a scroll of magic mapping {unknown}
 O - a scroll of enchant armour {unknown}
Potions
 a - 2 potions of magic
 f - a potion of haste
 g - 6 potions of curing {unknown}
 h - 2 potions of resistance {unknown}
 o - 2 potions of might {unknown}
 p - 2 potions of degeneration {unknown}
 q - 3 potions of mutation {unknown}
 u - 3 potions of lignification {unknown}
 C - 4 potions of agility {unknown}
 N - a potion of brilliance {unknown}
 P - 2 potions of flight {unknown}
Comestibles
 c - 25 rations


   Skills:
 + Level 13.0 Fighting
 + Level 15.4 Axes
 + Level 12.8 Armour
 + Level 12.1 Dodging
 + Level 12.0 Shields


You had 13 spell levels left.
You didn't know any spells.
Your spell library was empty.

Dungeon Overview and Level Annotations

Branches:
Dungeon (15/15)            Temple (1/1) D:6            Lair (1/6) D:8
    Orc (1/2) D:10         Vaults (0/5) D:13
 Depths: D:15

Altars:
Ashenzari
Cheibriados
Dithmenos
Elyvilon
Fedhas
Gozag
Hepliaklqana
Kikubaaqudgha
Makhleb
Nemelex Xobeh
Okawaru
Qazlal
Ru
Sif Muna
Trog
Uskayaw
Vehumet
Wu Jian
Xom
Yredelemnul
Zin
The Shining One

Shops:
D:7 (   D:9 ?[:

Annotations:
D:10 exclusion: ice statue


Innate Abilities, Weirdness & Mutations

You reflexively headbutt those who attack you in melee.
You have a pair of horns on your head.


Message History

You are too injured to fight recklessly!
You are too injured to fight recklessly!
You are too injured to fight recklessly!
You closely miss the shock serpent.
You headbutt the shock serpent, but do no damage.
The shock serpent is severely wounded.
The shock serpent shoots out a bolt of lightning at you!
The bolt of electricity hits you!
You closely miss the shock serpent. Your headbutt misses the shock serpent.
The shock serpent is severely wounded.
You block the shock serpent's attack.
You hit the shock serpent. Your headbutt misses the shock serpent.
The shock serpent is almost dead.
The shock serpent bites you! The shock serpent shocks you!
* * * LOW HITPOINT WARNING * * *
You miss the shock serpent. Your headbutt misses the shock serpent.
The shock serpent is severely wounded.
The shock serpent shoots out a bolt of lightning at you!
The bolt of electricity hits you!!
You die...

..............
#.........####.......
#.........# #.......
#.........# #.......
#.........# #.......
#.........# #.......
#.....<...# #.......
#S......####.......
#.@................
#..................
##..................
#........###..:.....
#.####...# #...####.
#. #...# #...# #. #.
#...# #...# #. #.
#...# #...# #.
#...###...# #.


You could see a shock serpent shaped shifter.

Vanquished Creatures
  The ghost of megalastik the Fighter, a journeyman NaFi of Cheibriados (D:11)
  A minotaur (D:12)
  Josephine (D:10)
  Fannar (D:11)
  2 ogre magi
  4 vault guards (D:13)
  A hydra (D:13)
  The ghost of tensugalgo the Martial Artist, a journeyman DsFi of Makhleb (D:12)
  5 two-headed ogres
  A centaur warrior (D:13)
  4 skeletal warriors (D:15)
  A wizard (D:15)
  2 unseen horrors
  2 orc knights
  An orc sorcerer (D:15)
  21 ugly things
  2 manticores
  4 cyclopes
  2 centaur zombies
  A gargoyle (D:13)
  3 centaur skeletons
  A kobold demonologist (D:12)
  A tengu conjurer (D:13)
  A redback zombie (D:15)
  3 komodo dragons
  5 trolls
  6 slime creatures (D:15)
  6 hippogriffs
  Sigmund (D:2)
  8 wraiths
  A wyvern (D:12)
  3 shadows (D:15)
  19 yaks
  A basilisk (Lair:1)
  A human (D:7)
  4 hogs (D:7)
  7 vampire mosquitoes
  A hungry ghost (D:11)
  A steam dragon (D:10)
  A warg (D:15)
  An acid dragon (D:15)
  2 porcupines (Lair:1)
  3 ice beasts
  13 orc warriors
  2 black bears
  4 sky beasts
  An eye of draining (D:13)
  A hornet zombie (D:5)
  7 ogres
  4 phantoms
  2 crocodiles
  8 centaurs
  10 bullfrogs
  3 scorpions
  20 killer bees
  11 wights
  8 howler monkeys
  4 crimson imps
  3 bullfrog zombies
  4 quasits
  6 jellies
  12 orc priests
  9 hounds
  6 iguanas
  8 orc wizards
  Natasha (D:2)
  9 worker ants
  2 worker ant zombies
  Robin (D:2)
  11 adders
  7 gnolls
  A shadow imp (D:10)
  3 oozes
  An adder skeleton (D:9)
  4 dart slugs
  3 leopard geckos
  35 orcs
  4 giant cockroaches (D:1)
  13 goblins
  7 hobgoblins
  19 jackals
  2 quokkas
  3 bats
  5 frilled lizards
  13 kobolds
  A leopard gecko skeleton (D:6)
  A leopard gecko zombie (D:6)
  3 quokka skeletons
  2 quokka zombies
  7 rats
  2 fungi (D:8)
444 creatures vanquished.

Notes
Turn   | Place    | Note
-------+----------+-------------------------------------------
     0 | D:1      | Bitard the Minotaur Berserker began the quest for the Orb.
     0 | D:1      | Reached XP level 1. HP: 19/19 MP: 0/0
   290 | D:1      | Reached XP level 2. HP: 10/27 MP: 1/1
   580 | D:1      | Reached skill level 4 in Axes
   894 | D:1      | Reached ** piety under Trog
   894 | D:1      | Reached XP level 3. HP: 33/33 MP: 2/2
  1189 | D:2      | HP: 1/49 [gnoll/+0 flail (2)]
  1263 | D:2      | Reached XP level 4. HP: 36/40 MP: 3/3
  1340 | D:2      | Noticed Sigmund
  1354 | D:2      | Killed Sigmund
  1354 | D:2      | Reached skill level 5 in Axes
  1354 | D:2      | Reached XP level 5. HP: 47/47 MP: 4/4
  1484 | D:2      | Noticed Natasha
  1488 | D:2      | Noticed Robin
  1491 | D:2      | Killed Natasha
  1491 | D:2      | Reached XP level 6. HP: 55/55 MP: 5/5
  1494 | D:2      | Killed Robin
  1811 | D:2      | Reached skill level 6 in Axes
  1911 | D:3      | Reached *** piety under Trog
  2577 | D:4      | Reached skill level 5 in Fighting
  2866 | D:4      | Noticed a two-headed ogre
  2873 | D:4      | Killed a two-headed ogre
  2873 | D:4      | Reached skill level 8 in Axes
  2873 | D:4      | Reached skill level 5 in Armour
  2873 | D:4      | Reached skill level 5 in Dodging
  2873 | D:4      | Reached XP level 7. HP: 19/63 MP: 6/6
  2873 | D:4      | Reached XP level 8. HP: 21/70 MP: 7/7
  3367 | D:5      | Entered Level 5 of the Dungeon
  3942 | D:6      | Found a staircase to the Ecumenical Temple.
  3951 | Temple   | Entered the Ecumenical Temple
  4270 | D:6      | Reached skill level 9 in Axes
  4330 | D:6      | Found a shadowy altar of Dithmenos.
  4705 | D:6      | Reached XP level 9. HP: 79/79 MP: 8/8
  4710 | D:6      | Reached skill level 10 in Axes
  4963 | D:7      | Found Qooffeuv's Antique Weapon Boutique.
  5134 | D:7      | Reached **** piety under Trog
  5199 | D:7      | Reached skill level 11 in Axes
  5290 | D:7      | Reached XP level 10. HP: 90/90 MP: 9/9
  5651 | D:8      | Noticed a cyclops
  5658 | D:8      | Killed a cyclops
  5762 | D:8      | Reached skill level 12 in Axes
  5818 | D:8      | Found a staircase to the Lair.
  6456 | D:9      | Found Soniunka's Armour Shoppe.
  6603 | D:9      | Found Gamaskyt's Book Emporium.
  6803 | D:9      | Found Vewed's Magic Scroll Boutique.
  6807 | D:9      | Bought a scroll of identify for 28 gold pieces
  6807 | D:9      | Bought a scroll of identify for 28 gold pieces
  7198 | Lair:1   | Entered Level 1 of the Lair of Beasts
  7291 | Lair:1   | Noticed a six-headed hydra
  7410 | D:10     | Entered Level 10 of the Dungeon
  7484 | D:10     | Reached XP level 11. HP: 95/99 MP: 10/10
  7487 | D:10     | Reached skill level 13 in Axes
  7523 | D:10     | Found a staircase to the Orcish Mines.
  7685 | D:10     | Reached skill level 10 in Fighting
  8690 | D:11     | Noticed Josephine
  8690 | D:11     | Noticed a brown ugly thing
  8702 | D:11     | Killed a brown ugly thing
  8702 | D:11     | Reached skill level 1 in Shields
  8721 | D:10     | Killed Josephine
  8721 | D:10     | Reached skill level 10 in Armour
  9052 | D:11     | Got a warped ring mail
  9063 | D:11     | Identified the +4 ring mail of Music {rN++ Dex-3} (You
                  | found it on level 11 of the Dungeon)
  9183 | D:11     | Noticed a brown ugly thing
  9183 | D:11     | Noticed a white ugly thing
  9194 | D:11     | Killed a white ugly thing
  9200 | D:11     | Killed a white ugly thing
  9249 | D:11     | Noticed Fannar
  9266 | D:11     | Reached skill level 5 in Shields
  9270 | D:11     | Killed Fannar
  9272 | D:11     | Reached ***** piety under Trog
  9325 | D:11     | Noticed a brown ugly thing
  9334 | D:11     | Killed a brown ugly thing
  9372 | D:11     | Reached XP level 12. HP: 108/108 MP: 11/11
  9381 | D:11     | Found a runed translucent gate.
  9381 | D:11     | Found a runed translucent gate.
  9381 | D:11     | Found an opulent altar of Gozag.
  9381 | D:11     | Found a runed translucent gate.
  9382 | D:11     | Noticed megalastik's ghost (journeyman NaFi)
  9425 | D:11     | Killed megalastik's ghost
  9742 | D:12     | Found a shimmering altar of Xom.
 10035 | D:12     | Reached skill level 14 in Axes
 10102 | D:12     | Reached skill level 10 in Dodging
 10132 | D:12     | Found a runed translucent gate.
 10133 | D:12     | Found a runed translucent gate.
 10134 | D:12     | Found a runed translucent gate.
 10135 | D:12     | Noticed tensugalgo's ghost (journeyman DsFi)
 10138 | D:12     | Noticed a two-headed ogre
 10180 | D:12     | Noticed a minotaur
 10437 | D:12     | Received a gift from Trog
 11022 | D:12     | Killed tensugalgo's ghost
 11030 | D:12     | Killed a minotaur
 11051 | D:12     | Killed a two-headed ogre
 11452 | D:13     | HP: 3/111 [manticore (5)]
 11818 | D:13     | Noticed a five-headed hydra
 11919 | Orc:1    | Entered Level 1 of the Orcish Mines
 12024 | Orc:1    | Found Qoedom Pannu's Armour Shoppe.
 12194 | D:13     | Killed an 11-headed hydra
 12271 | D:13     | Noticed a vault guard
 12346 | D:13     | Noticed a centaur warrior
 12354 | D:13     | Killed a centaur warrior
 12354 | D:13     | Reached XP level 13. HP: 117/117 MP: 12/12
 12606 | D:13     | Reached skill level 10 in Shields
 12757 | D:13     | Found a gate to the Vaults.
 13089 | D:14     | Found a shattered altar of Ashenzari.
 13434 | D:14     | Reached skill level 15 in Axes
 14244 | D:15     | Entered Level 15 of the Dungeon
 14308 | D:15     | Found a shimmering altar of Xom.
 14308 | D:15     | Found a shimmering altar of Xom.
 14309 | D:15     | Found a shimmering altar of Xom.
 14309 | D:15     | Found a shimmering altar of Xom.
 14310 | D:15     | Found a shimmering altar of Xom.
 14311 | D:15     | Found a shimmering altar of Xom.
 14311 | D:15     | Found a shimmering altar of Xom.
 14632 | D:15     | Reached XP level 14. HP: 127/127 MP: 13/13
 15014 | D:15     | Killed from afar by a shock serpent (shapeshifter)

Skill      XL: |  1  2  3  4  5  6  7  8  9 10 11 12 13 14 |
---------------+-------------------------------------------+-----
Axes           | 4 5 8 9 11 12 13 14 15 | 15.4
Fighting       | 4 6 7 8 9 10 11 12 13 | 13.0
Armour         | 3 4 5 6 8 9 10 11 12 | 12.8
Dodging        | 3 5 6 7 8 9 10 11 12 | 12.1
Shields        | 6 9 11 12 | 12.0

Action                   |  1- 3 |  4- 6 |  7- 9 | 10-12 | 13-15 || total
-------------------------+-------+-------+-------+-------+-------++-------
Melee: Hand axe          |    53 |   111 |   210 |   742 |   412 ||  1528
       Headbutt          |     6 |    17 |    45 |   194 |   116 ||   378
Invok: Berserk           |     4 |     5 |     4 |    17 |     8 ||    38
       Trog's Hand       |     1 |       |     2 |    19 |     8 ||    30
Evoke: Wand              |       |       |       |     3 |    11 ||    14
  Use: Scroll            |     1 |     4 |     1 |     1 |       ||     7
       Potion            |     1 |       |       |     9 |       ||    10
  Eat: Chunk             |     5 |     9 |     8 |    33 |     7 ||    62
       Ration            |       |       |     1 |     5 |     4 ||    10
Armor: Animal skin       |     1 |       |       |       |       ||     1
       Chain mail        |    19 |    54 |    90 |    79 |       ||   242
       Ring mail         |     3 |       |       |       |       ||     3
       Plate armour      |       |       |       |   238 |   119 ||   357
Dodge: Dodged            |    36 |    42 |    98 |   316 |    77 ||   569
Block: Shield            |       |       |       |   232 |    33 ||   265
       Large shield      |       |       |       |       |   185 ||   185
